 Dungeon Crawl Stone Soup version 0.29-a0-90-gc37658a0fe (webtiles) character file.

Game seed: 4332224057525305753

1624 soggyman666 the Grappler (level 8, -3/117 HPs)
             Began as a Troll Monk on Feb 7, 2022.
             Slain by an orc warrior (7 damage)
             ... on level 6 of the Dungeon.
             The game lasted 00:10:51 (4400 turns).

soggyman666 the Grappler (Troll Monk)               Turns: 4400, Time: 00:10:52

Health: -3/117     AC: 24    Str: 19 (22) XL:     8   Next: 65%
Magic:  7/7        EV:  1    Int:  4 (6)  God:
Gold:   169        SH:  0    Dex:  9 (12) Spells: 7/7 levels left

rFire   . . .      SeeInvis .     - Unarmed
rCold   . . .      Faith    .   (no shield)
rNeg    . . .      Spirit   .   (armour currently unavailable)
rPois   +          Reflect  .   (helmet currently unavailable)
rElec   .          Harm     .   (cloak currently unavailable)
rCorr   .          Rampage  .   (gloves unavailable)
Will    .....      NoTele   +   (boots unavailable)
Stlth   ++........              (no amulet)
HPRegen 1.09/turn               (no ring)
MPRegen 0.10/turn               (no ring)

@: brilliant, tree-form
A: stationary, stasis, torment immunity, boosted hp, large, unfitting armour,
(claws 3), regeneration 1, (shaggy fur 1), (tough skin 1)
a: no special abilities


You were on level 6 of the Dungeon.
You were a tree.
You visited 1 branch of the dungeon, and saw 6 of its levels.

You collected 169 gold pieces.

Inventory:

Armour
 b - a +2 robe of willpower (melded)
 i - a +0 cloak (melded)
Jewellery
 r - a ring of protection from fire
 t - a +4 ring of evasion
Wands
 a - a wand of flame (36)
Scrolls
 f - 2 scrolls of blinking
 n - a scroll of magic mapping
 p - a scroll of amnesia {unknown}
 q - 2 scrolls of teleportation
 s - a scroll of holy word {unknown}
Potions
 c - a potion of lignification
 g - a potion of degeneration
 h - a potion of resistance {unknown}
 j - a potion of invisibility {unknown}
 k - a potion of haste {unknown}
 l - 3 potions of heal wounds {unknown}
 m - 2 potions of attraction {unknown}
 o - a potion of cancellation {unknown}


   Skills:
 + Level 3.8 Fighting
 + Level 4.7 Dodging
 + Level 2.3 Stealth
 + Level 8.4 Unarmed Combat
 * Level 2.0 Evocations


You had 7 spell levels left.
You didn't know any spells.
Your spell library contained the following spells:

 Spells                   Type           Power      Damage    Failure   Level
 Apportation              Tloc           0%         N/A       50%         1
 Alistair's Intoxication  Tmut/Pois      0%         N/A       100%        5


Dungeon Overview and Level Annotations

Branches:
Dungeon (6/15)
 Temple: D:4-7

Altars:

Shops:
D:1 *   D:6 (


Innate Abilities, Weirdness & Mutations

You are a tree.
Your roots penetrate the ground, keeping you stationary.
You cannot be teleported.
You are immune to unholy pain and torment.
Your maximum health is greatly increased.
Your equipment is partially melded.
You are too large for most types of armour.
((You have claws for hands.))
Your natural rate of healing is unusually fast.
((You are covered in fur. (AC +1)))
((You have tough skin. (AC +1)))


Message History

The orc warrior hits you with a +0 war axe.
* * * LOW HITPOINT WARNING * * *
The sky beast hits you but does no damage.
The orc barely misses you.
You cannot blink because you are held in place by your roots.
The orc warrior hits you with a +0 war axe.
* * * LOW HITPOINT WARNING * * *
The sky beast hits you but does no damage.
The orc hits you but does no damage. The orc hits you but does no damage.
The orc warrior hits you with a +0 war axe.
* * * LOW HITPOINT WARNING * * *
The sky beast hits you but does no damage.
The orc hits you but does no damage. The orc hits you but does no damage.
The orc warrior completely misses you.
The sky beast hits you but does no damage.
The orc hits you but does no damage. The orc hits you with a +0 hand axe.
* * * LOW HITPOINT WARNING * * *
The orc warrior hits you with a +0 war axe!
* * * LOW HITPOINT WARNING * * *
The orc hits you with a +0 club.
* * * LOW HITPOINT WARNING * * *
The sky beast hits you but does no damage.
The orc hits you but does no damage.
The orc warrior hits you but does no damage.
The orc hits you but does no damage. The sky beast hits you.
* * * LOW HITPOINT WARNING * * *
The sky beast shocks you.
* * * LOW HITPOINT WARNING * * *
The orc hits you but does no damage.
The orc warrior hits you but does no damage.
The orc hits you but does no damage.
The sky beast hits you but does no damage.
The orc hits you but does no damage. x2
The sky beast hits you but does no damage.
The orc hits you but does no damage.
The orc priest hits you but does no damage.
The orc warrior hits you with a +0 war axe!
You die...

......###........(........
...#### #...........(.....
.### ##................ ##
#................
##...............
#...............
##....$.........
#....Y.........
##..o♣o........
##..oo.......#
#....>.....## #.........##
#.........# #..........
#.......... #..<.......


You could see an orc warrior, a sky beast, an orc priest and 2 orcs.

Vanquished Creatures
  Pikel (D:4)
  Eustachio (D:4)
  A black bear (D:5)
  2 ogres
  3 lemures
  2 phantoms
  A scorpion (D:6)
  A howler monkey (D:5)
  A bullfrog zombie (D:6)
  A centaur skeleton (D:5)
  3 hounds
  2 orc priests (D:6)
  Crazy Yiuf (D:4)
  Natasha (D:4)
  An iguana (D:6)
  2 orc wizards (D:4)
  A hound skeleton (D:4)
  Robin (D:4)
  A howler monkey skeleton (D:5)
  4 gnolls (D:4)
  5 adders
  An ufetubus (D:4)
  3 dart slugs
  5 orcs
  9 endoplasms
  9 hobgoblins
  6 jackals (D:1)
  3 quokkas
  9 ball pythons
  4 bats
  3 frilled lizards
  15 goblins
  5 kobolds
  9 rats
117 creatures vanquished.

Notes
Turn   | Place    | Note
-------+----------+-------------------------------------------
     0 | D:1      | soggyman666 the Troll Monk began the quest for the Orb.
     0 | D:1      | Reached XP level 1. HP: 22/22 MP: 0/0
   161 | D:1      | Reached XP level 2. HP: 29/29 MP: 1/1
   228 | D:1      | Found a faded altar of an unknown god.
   322 | D:1      | Reached XP level 3. HP: 36/36 MP: 2/2
   359 | D:1      | Found Kuqaestrylam's General Store.
  1707 | D:3      | Reached XP level 4. HP: 44/44 MP: 3/3
  1803 | D:3      | Reached skill level 4 in Unarmed Combat
  2249 | D:4      | Noticed an ogre
  2259 | D:4      | Killed an ogre
  2260 | D:4      | Reached XP level 5. HP: 36/52 MP: 4/4
  2287 | D:4      | Noticed Eustachio
  2319 | D:4      | Killed Eustachio
  2320 | D:4      | Reached skill level 5 in Unarmed Combat
  2320 | D:4      | Reached XP level 6. HP: 31/61 MP: 5/5
  2387 | D:4      | Noticed Pikel
  2568 | D:4      | Killed Pikel
  2569 | D:4      | Reached skill level 6 in Unarmed Combat
  2569 | D:4      | Reached XP level 7. HP: 26/67 MP: 6/6
  2766 | D:4      | Noticed Natasha
  2773 | D:4      | Killed Natasha
  2844 | D:4      | Reached skill level 7 in Unarmed Combat
  2952 | D:4      | Identified the +5 helmet of the Grue {Harm Regen+ Int+7
                  | Dex-4}
  2952 | D:4      | Noticed Robin
  2959 | D:4      | Killed Robin
  3147 | D:4      | Found a runed translucent door.
  3148 | D:4      | Noticed Crazy Yiuf
  3156 | D:4      | Killed Crazy Yiuf
  3282 | D:5      | Entered Level 5 of the Dungeon
  3417 | D:5      | Reached skill level 1 in Evocations
  3417 | D:5      | Reached XP level 8. HP: 74/78 MP: 7/7
  4196 | D:6      | Found Qetux's Weapon Shop.
  4207 | D:6      | Reached skill level 8 in Unarmed Combat
  4397 | D:6      | HP: 1/117 [sky beast (6)]
  4400 | D:6      | Slain by an orc warrior

Illustrated notes

Levels and vault maps discovered:
D:1:      tarquinn_simple_flora_water_a, layout_loops_ring,
          chequers_ecumenical_altar_simple_redux, serial_shops, shop,
          minmay_crystal_room
D:2:      layout_basic
D:3:      layout_loops_ring
D:4:      layout_cave_pools, uniq_pikel, uniq_eustachio,
          uniq_crazy_yiuf_cottage, uniq_natasha, uniq_robin
D:5:      layout_basic
D:6:      layout_cave_pods, ebering_ghost_reflecting_pool, serial_shops,
          nicolae_stop_n_shop_1

Skill      XL: |  1  2  3  4  5  6  7  8 |
---------------+-------------------------+-----
Dodging        | 3 4 |  4.7
Unarmed Combat | 4 5 6 7 8 |  8.4
Fighting       | 3 |  3.8
Stealth        | 2 |  2.3
Evocations     | 1 2 |  2.0

Action                   |  1- 3 |  4- 6 |  7- 9 || total
-------------------------+-------+-------+-------++-------
Melee: Unarmed           |   117 |   103 |   127 ||   347
       Punch             |     3 |     1 |     4 ||     8
  Use: Scroll            |     2 |     3 |     3 ||     8
       Potion            |       |       |     4 ||     4
 Stab: Sleeping          |     5 |     1 |     2 ||     8
Armor: Robe              |    60 |    30 |    47 ||   137
       Skin              |       |       |    28 ||    28
Dodge: Dodged            |    57 |    56 |    50 ||   163

Table legend: (Time is in decaauts)
 A = Elapsed time spent in this place.
 B = Non-inter-level travel time spent in this place.
 C = Inter-level travel time spent in this place.
 D = Time resting spent in this place.
 E = Time spent auto-exploring this place.
 F = Levels seen in this place.
 G = Mean time per level.
                   A        B        C        D        E       F      G
               +--------+--------+--------+--------+--------+-----+--------+
         Total |   4367 |   4071 |    296 |    128 |   3027 |   6 |  727.8 |
       Dungeon |   4367 |   4071 |    296 |    128 |   3027 |   6 |  727.8 |
               +--------+--------+--------+--------+--------+-----+--------+

Top non-repeatable levels by time:
     D:2: 991 daAuts
     D:4: 938 daAuts
     D:5: 908 daAuts
     D:3: 689 daAuts
     D:1: 639 daAuts
     D:6: 199 daAuts
